 Dungeon Crawl Stone Soup version 0.31-a0-1338-gb567cfdca4 (webtiles) character file.

Game seed: 1421243121444497259

58 MachoJfn the Magician (level 4, 0/31 HPs)
             Began as a Djinni Fire Elementalist on Dec 21, 2023.
             Slain by Sigmund
             ... wielding a +0 scythe
              (4 damage)
             ... on level 2 of the Dungeon.
             The game lasted 00:05:04 (1486 turns).

MachoJfn the Magician (Djinni Fire Elementalist)    Turns: 1486, Time: 00:05:05

Health: 0/31       AC:  3    Str:  7    XL:     4   Next: 21%
Gold:   112        EV: 12    Int: 19    God:
                   SH:  0    Dex: 13

rFire   + + .        d - staff of air
rCold   x . .        (no shield)
rNeg    . . .        a - +0 robe
rPois   ∞            (no helmet)
rElec   +            (no cloak)
rCorr   .            c - +0 pair of gloves
SInv    +            (boots unavailable)
Will    .....        (no amulet)
Stlth   +            g - ring of see invisible
HPRegen 0.25/turn    (no ring)
MPRegen 0.00/turn

%: infuse magic (-1 HP)
@: confused, mighty, brilliant, flying
A: sickness immunity, fire resistance 2, cold vulnerability 1, float, innate
caster, HP casting, extra vitality 1
a: no special abilities


You were on level 2 of the Dungeon.
You visited 1 branch of the dungeon, and saw 2 of its levels.

You collected 112 gold pieces.

Inventory:

Missiles
 b - 11 stones
Armour
 a - a +0 robe (worn)
 c - a +0 pair of gloves (worn)
Magical Staves
 d - a staff of air (weapon)
Jewellery
 g - a ring of see invisible (left hand)
Scrolls
 e - a scroll of fog {unknown}
Potions
 h - a potion of might


   Skills:
 + Level 3.0 Dodging
 + Level 2.3 Stealth
 * Level 3.6 Spellcasting
 * Level 3.6 Conjurations
 * Level 3.6 Hexes
 * Level 3.6 Summonings
 * Level 3.6 Necromancy
 * Level 3.6 Translocations
 * Level 3.6 Fire Magic
 * Level 3.6 Ice Magic
 * Level 3.6 Air Magic
 * Level 3.6 Earth Magic
 * Level 3.6 Alchemy


You knew the following spells:

 Your Spells              Type           Power      Damage    Failure   Level
a - Foxfire               Conj/Fire      100%       2x1d9     3%          1
b - Scorch                Fire           50%        2d7       4%          2
c - Volatile Blastmotes   Fire/Tloc      50%        2d14      10%         3
d - Inner Flame           Hex/Fire       25%        N/A       10%         3
e - Flame Wave            Conj/Fire      25%        2d8       32%         4
f - Shock                 Conj/Air       100%       1d9       3%          1
Your spell library was empty.

Dungeon Overview and Level Annotations

Branches:
Dungeon (2/15)

Altars:

Shops:
D:1 [!?:

Annotations:
D:2 Sigmund


Innate Abilities, Weirdness & Mutations

You are immune to sickness and miasma.
You are immune to poison.
Your flesh is very heat resistant. (rF++)
You are vulnerable to cold. (rC-)
You float through the air rather than walking.
You learn spells naturally, not from books.
Your magical power is your life essence.
You have superior vitality. (+4 MHP)


Message History

The kobold hits you but does no damage.
The foxfire hits the kobold.
You kill the kobold!
The foxfire hits Sigmund.
Sigmund is heavily wounded.
There is a stone staircase leading down here.
Casting: Foxfire (safe; 3% risk of failure)
Confirm with . or Enter, or press ? or * to list all spells.
You conjure some foxfire!
Sigmund gestures at you while chanting.
You are confused.
You're too confused to cast spells.
Unknown command.
You're too confused to cast spells.
The foxfire hits Sigmund.
Sigmund is severely wounded.
The foxfire hits Sigmund but does no damage.
Sigmund is severely wounded.
Sigmund gestures at you while chanting.
You are more confused.
Sigmund casts a spell at you.
You are more confused.
Sigmund mumbles some strange words.
Sigmund flickers and vanishes for a moment.
Your magical contamination has completely faded away.
Sigmund hits you from afar with a +0 scythe!
A worm comes into view.
Sigmund hits you from afar with a +0 scythe.
It was a potion of brilliance.
You feel clever all of a sudden.
Sigmund points at you and mumbles some strange words.
The puff of flame hits you. You resist.
You're too confused to cast spells.
Sigmund closely misses you.
Sigmund hits you from afar with a +0 scythe!
* * * LOW HITPOINT WARNING * * *
You feel very mighty all of a sudden.
Sigmund hits you from afar with a +0 scythe.
You die...
Sigmund begins carving another notch in his scythe.

.###.##.#### ..).........
####.##.#### .....##.#
........########### #
........).........###.#
............>.........###
####.....................
...#........).@.@.w......
##.#..............#######
.#.#..............#
...#.####..#'###### ...#.
#..#.# ...#. #.)#.##.##
)###.# #......... .....#
##..#.##.##
.######......#


You could see Sigmund (invisible) and a worm.

Vanquished Creatures
  A gnoll (D:1)
  An adder (D:2)
  2 dart slugs (D:1)
  2 bats (D:1)
  3 endoplasms
  4 goblins
  4 hobgoblins (D:1)
  2 jackals (D:1)
  6 kobolds
  A quokka (D:1)
  3 ball pythons (D:1)
  3 frilled lizards (D:1)
  2 rats (D:1)
34 creatures vanquished.

Vanquished Creatures (others)
  55 foxfires
55 creatures vanquished.

Grand Total: 89 creatures vanquished

Notes
Turn   | Place    | Note
-------+----------+-------------------------------------------
     0 | D:1      | MachoJfn the Djinni Fire Elementalist began the quest for
                  | the Orb.
     0 | D:1      | MachoJfn set off with the following spells memorised:
                  | Foxfire, Scorch, Volatile Blastmotes, Inner Flame, Flame
                  | Wave.
     0 | D:1      | Reached XP level 1. HP: 15/15 MP: 0/0
   258 | D:1      | Reached XP level 2. HP: 20/21 MP: 0/0
   279 | D:1      | Found Soeluntek's Magic Scroll Shop.
   313 | D:1      | Found Fitasch's Distillery.
   318 | D:1      | Found Wunauloaga's Antique Armour Boutique.
   345 | D:1      | Reached XP level 3. HP: 22/25 MP: 0/0
   345 | D:1      | Learned a level 1 spell: Shock
  1161 | D:1      | Found Uhutot's Book Boutique.
  1450 | D:2      | Reached XP level 4. HP: 31/31 MP: 0/0
  1465 | D:2      | Noticed Sigmund
  1486 | D:2      | Slain by Sigmund

Illustrated notes

Levels and vault maps discovered:
D:1:      onia_arrival_mini_spirals, layout_basic, serial_shops, shop,
          nicolae_shop_tiny_statue_garden, shop, shop_coins,
          hangedman_decor_push
D:2:      layout_basic, kennysheep_small_spiral, chequers_serial_rivers_micro_e,
          minmay_pentomino_r4, uniq_sigmund, uniq_robin

Skill      XL: |  1  2  3 |
---------------+----------+-----
Stealth        | 2 |  2.3
Dodging        | 3 |  3.0
Spellcasting   | |  3.6
Conjurations   | |  3.6
Hexes          | |  3.6
Summonings     | |  3.6
Necromancy     | |  3.6
Translocations | |  3.6
Fire Magic     | |  3.6
Ice Magic      | |  3.6
Air Magic      | |  3.6
Earth Magic    | |  3.6
Alchemy        | |  3.6

Action                     |  1- 3 |  4- 6 || total
---------------------------+-------+-------++-------
   Cast: Foxfire           |    36 |     3 ||    39
         Scorch            |    15 |       ||    15
         Shock             |     2 |       ||     2
         Volatile Blastmot |       |     2 ||     2
    Use: Scroll            |     2 |       ||     2
         Potion            |       |     2 ||     2
 Armour: Robe              |     2 |     6 ||     8
  Dodge: Dodged            |     3 |     3 ||     6

Table legend: (Time is in decaauts)
 A = Elapsed time spent in this place.
 B = Non-inter-level travel time spent in this place.
 C = Inter-level travel time spent in this place.
 D = Time resting spent in this place.
 E = Time spent auto-exploring this place.
 F = Levels seen in this place.
 G = Mean time per level.
                   A        B        C        D        E       F      G
               +--------+--------+--------+--------+--------+-----+--------+
         Total |   1484 |   1356 |    128 |     41 |   1090 |   2 |  742.0 |
       Dungeon |   1484 |   1356 |    128 |     41 |   1090 |   2 |  742.0 |
               +--------+--------+--------+--------+--------+-----+--------+

Top non-repeatable levels by time:
     D:1: 1365 daAuts
     D:2: 119 daAuts
